cohdb
Replays
Latest Replays
All Replays
Popular Replays
Top Player Replays
Match Explorer
How It Works
Community
CoH3 Stats
Reddit
Sign in to upload your games and track your stats! →
Sign in with Steam
Match 41824818
Unlisted
Match 41824818
Overview
Messages
Build Orders
End
Construct Section Command Post
Vickers Machine Gun Team
Dingo Light Scout Car
Dingo Light Scout Car
Construct Platoon Command Post
Royal Engineer Section
Unlock M3 Stuart Light Tanks
M3 Stuart Light Tank
Construct Company Command Post
6-pounder Anti-tank Gun Team
Matilda II Heavy Tank
Selects Australian Defense Battlegroup
Selects CMP 15cwt Supply Run
Selects Reinforced Resource Caches
Matilda II Heavy Tank
CMP 15cwt Supply Run
Armored Vehicle Training
Team Weapon Training
Infantry Training
FireFang
jacklean
xtz
Hootch
HYLiangSheng
Valdai
綾目
Sailor
0
0
Comments
sign in to comment!
No comments posted yet!